 Dungeon Crawl Stone Soup version 0.31.0-9-g3a7656b989 (webtiles) character file.

Game seed: 6585938193498042541

40 qw the Shooter (level 3, -3/18 HPs)
             Began as a Spriggan Hunter on Feb 2, 2024.
             Slain by Terence
             ... wielding a +3 short sword
              (5 damage)
             ... on level 2 of the Dungeon.
             The game lasted 00:00:03 (1035 turns).

qw the Shooter (Spriggan Hunter)                    Turns: 1035, Time: 00:00:04

Health: -3/18      AC:  2    Str:  4 (7)  XL:     3   Next: 30%
Magic:  4/4        EV: 23    Int:  9 (10) God:
Gold:   40         SH:  0    Dex: 17 (20) Spells: 2/2 levels left

rFire   . . .        a - +0 shortbow
rCold   . . .        (shield currently unavailable)
rNeg    . . .        c - +0 robe
rPois   .            (helmet restricted)
rElec   .            (no cloak)
rCorr   .            (gloves unavailable)
SInv    +            (boots unavailable)
Will    .....        (no amulet)
Stlth   ++           d - +5 ring of evasion
HPRegen 0.23/turn    (no ring)
MPRegen 0.09/turn

%: no passive effects
@: about to teleport, very quick
A: very small, no large weapons, unfitting armour, see invisible, speed 3
a: no special abilities


You were on level 2 of the Dungeon.
You visited 1 branch of the dungeon, and saw 2 of its levels.

You collected 40 gold pieces.


Innate Abilities, Weirdness & Mutations

You are very small and have problems with some larger weapons.
You are too small for most types of armour.
You have supernaturally acute eyesight. (SInv)
You cover ground extremely quickly. (Speed+++)


   Skills:
 - Level 1.5 Fighting
 + Level 4.6 Ranged Weapons
 - Level 4.0 Dodging
 - Level 1.5 Stealth


You had 2 spell levels left.
You didn't know any spells.
Your spell library was empty.

Inventory:

Hand Weapons
 a - a +0 shortbow (weapon)
Armour
 c - a +0 robe (worn)
Jewellery
 d - a +5 ring of evasion (left hand)
 g - a ring of ice
 j - a ring of wizardry
Scrolls
 b - 2 scrolls of silence {unknown}
Potions
 e - a potion of heal wounds {unknown}
 f - a potion of lignification {unknown}
 i - a potion of invisibility {unknown}

Dungeon Overview and Level Annotations

Branches:
Dungeon (2/15)

Altars:

Annotations:
D:2 Terence


Message History

Terence the Incautious comes into view.
He is wielding a +3 short sword.
You shoot an arrow.
The arrow hits Terence but does no damage.
Terence shouts!
You shoot an arrow. The arrow closely misses Terence.
You shoot an arrow. The arrow barely misses Terence.
Terence closely misses you.
You shoot an arrow. The arrow hits Terence.
Terence is moderately wounded.
Terence closely misses you.
You shoot an arrow.
The arrow hits Terence but does no damage.
Terence is moderately wounded.
Terence misses you.
You shoot an arrow. The arrow closely misses Terence.
Terence hits you with a +3 short sword. Terence hits you with a +3 short sword!
You shoot an arrow. The arrow barely misses Terence.
Terence barely misses you.
You shoot an arrow. The arrow hits Terence.
Terence is moderately wounded.
Terence misses you.
You shoot an arrow. The arrow hits Terence.
Terence is heavily wounded.
Terence barely misses you.
You shoot an arrow.
The arrow hits Terence but does no damage.
Terence is heavily wounded.
Terence completely misses you.
You shoot an arrow.
The arrow hits Terence but does no damage.
Terence is heavily wounded.
Terence closely misses you.
You shoot an arrow. The arrow barely misses Terence.
Terence hits you with a +3 short sword. Terence misses you.
1035 ||| READING scroll of teleportation.
As you read the scroll of teleportation, it crumbles to dust.
You feel strangely unstable. Terence hits you with a +3 short sword.
You die...
Terence says, "Rest in peace."

.8#8..# ... ..# .. ......# ...
..###..# ...... #.#
.........##.#... #.#
...............% #.#
..)......##...#. #.#
..............##
#.###@...............
###..#@......)........#
##......#.#.####......##
####.........#. ##.......##
#######........#####.##......#..)
...............# #.........#.####
################ #......#.#.####
#.....(........ ## ### ### ###
####......##..#### .# #.# #.# #.#
#.#...........#


You could see Terence.

Vanquished Creatures
  An adder (D:2)
  3 bats (D:1)
  5 endoplasms
  A giant cockroach (D:2)
  4 goblins
  3 hobgoblins
  3 kobolds
  2 quokkas
  2 ball pythons
  A frilled lizard (D:2)
  4 rats
29 creatures vanquished.

Notes
Turn   | Place    | Note
-------+----------+-------------------------------------------
     0 | D:1      | qw the Spriggan Hunter began the quest for the Orb.
     0 | D:1      | Reached XP level 1. HP: 10/10 MP: 2/2
     0 | D:1      | 0 ||| qw: Version: 0.3-a-155-g5e7d8dd
     0 | D:1      | 0 ||| qw: Game counter: 2762
     0 | D:1      | 0 ||| qw: Melee chars always use a shield: true
     0 | D:1      | 0 ||| qw: God list: Okawaru
     0 | D:1      | 0 ||| qw: Allow faded altars: false
     0 | D:1      | 0 ||| qw: Do Orc after clearing Dungeon:15 true
     0 | D:1      | 0 ||| qw: Do second Lair branch before Depths: true
     0 | D:1      | 0 ||| qw: Lair rune preference: random
     0 | D:1      | 0 ||| qw: Goals: Normal
     0 | D:1      | 0 ||| PLANNING D:1-11
    78 | D:1      | Reached skill level 3 in Dodging
   295 | D:1      | Reached XP level 2. HP: 14/14 MP: 3/3
   824 | D:1      | 824 ||| UPGRADING to +5 ring of evasion.
   825 | D:1      | 825 ||| READING scroll labelled TADOLE CUKOH.
   826 | D:1      | 826 ||| READING scroll labelled ENAOLIEFEIC.
   827 | D:1      | 827 ||| READING scroll labelled IGGU LIMUROES.
   830 | D:1      | 830 ||| DRINKING 2 pink potions.
   831 | D:1      | 831 ||| DROPPING scroll of butterflies.
   832 | D:1      | 832 ||| DROPPING potion of degeneration.
   908 | D:2      | Reached XP level 3. HP: 14/18 MP: 4/4
  1022 | D:2      | Noticed Terence
  1034 | D:2      | HP: 2/18 [Terence/+3 short sword (6)]
  1035 | D:2      | 1035 ||| READING scroll of teleportation.
  1035 | D:2      | Slain by Terence

Levels and vault maps discovered:
D:1:      orjb1_lava_funnel, layout_loops_ring, serial_forest,
          infiniplex_forest_end_2, infiniplex_forest_straight_3,
          infiniplex_forest_end_3, infiniplex_forest_clump_long,
          infiniplex_forest_3_way, infiniplex_forest_fountain
D:2:      layout_rooms, roderic_roman_lattice, serial_bayou_ford_a,
          minmay_statues_item, grunt_decor_fettered,
          chequers_serial_rivers_large_b, uniq_natasha, uniq_terence

Skill      XL: |  1  2 |
---------------+-------+-----
Dodging        | 3 4 |  4.0
Fighting       | |  1.5
Ranged Weapons | |  4.6
Stealth        | |  1.5

Action                     || total
---------------------------++-------
   Fire: Shortbow          ||    84
    Use: Scroll            ||     4
         Potion            ||     1
 Armour: Robe              ||     9
  Dodge: Dodged            ||    37

Table legend:
 A = Non-vault XP
 B = Vault XP
 C = Vault XP percentage of total XP
 D = Non-vault monster count
 E = Vault monster count
 F = Vault count percentage of total count
                 A         B        C        D         E       F
            +---------+---------+-------+---------+---------+-------
      Total |      58 |       0 |   0.0 |      29 |       0 |   0.0
            +---------+---------+-------+---------+---------+-------
        D:1 |      27 |       0 |   0.0 |      16 |       0 |   0.0
        D:2 |      31 |       0 |   0.0 |      13 |       0 |   0.0
            +---------+---------+-------+---------+---------+-------
